| TOP OF THE 1ST |
|
Tulsa Drillers batting - Pitching for Tennessee Smokies : RHP Bogdan Sdobnyakov
|
|
Pitching: RHP Bogdan Sdobnyakov
|
|
|
Batting: RHB Josh Crenwelge
|
0-0: Ball 1-0: Foul Ball, location: 2F 1-1: Hit by Pitch
|
|
Batting: SHB Nate Kopchak
|
0-0: Ball 1-0: Called Strike 1-1: Grounds into double play, 4-6-3 (Groundball, 4, EV 81.9 MPH)
|
|
Batting: LHB Kevin Wiebe
|
0-0: Called Strike 0-1: Ball 1-1: Foul Ball, location: 2F 1-2: Fly out, F8 (Flyball, 8RXD, EV 89.4 MPH)
|
| Top of the 1st over - 0 runs, 0 hits, 0 errors, 0 left on base; Tulsa 0 - Tennessee 0 |
| BOTTOM OF THE 1ST |
|
Tennessee Smokies batting - Pitching for Tulsa Drillers : RHP Will Lane
|
|
Pitching: RHP Will Lane
|
|
|
Batting: RHB Eric Wiss
|
0-0: Fly out, F7 (Flyball, 78M, EV 82.5 MPH)
|
|
Batting: RHB Khalil Stephens
|
0-0: Fly out, F4 (Popup, 4S, EV 78.1 MPH)
|
|
Batting: RHB Brad Santanello
|
0-0: Swinging Strike 0-1: Foul Ball, location: 2F 0-2: Strikes out swinging
|
| Bottom of the 1st over - 0 runs, 0 hits, 0 errors, 0 left on base; Tulsa 0 - Tennessee 0 |
| TOP OF THE 2ND |
|
Tulsa Drillers batting - Pitching for Tennessee Smokies : RHP Bogdan Sdobnyakov
|
|
Batting: LHB Chris Buchan
|
0-0: Ball 1-0: Ball 2-0: Foul Ball, location: 2F 2-1: DOUBLE (Line Drive, 9D, EV 88.8 MPH)
|
|
Batting: RHB Marcos Villalobos
|
0-0: Ball 1-0: Foul Ball, location: 2F 1-1: Foul Ball, location: 2F 1-2: Ball 2-2: Ball 3-2: Ground out U3 (Groundball, 13, EV 85.0 MPH) Chris Buchan to third
|
|
Batting: RHB Tony Rivera
|
0-0: Ball 1-0: Ground out 1-3 (Groundball, 13S, EV 63.1 MPH)
|
|
Batting: RHB Nick Getz
|
0-0: Foul Ball, location: 2F 0-1: Called Strike 0-2: SINGLE (Line Drive, 78S, EV 108.1 MPH) Chris Buchan scores
|
|
Batting: RHB Aaron Burress
|
0-0: Ball 1-0: Foul Ball, location: 2F 1-1: Ball 2-1: Ball 3-1: Called Strike 3-2: Fly out, F8 (Line Drive, 89M, EV 89.4 MPH)
|
| Top of the 2nd over - 1 run, 2 hits, 0 errors, 1 left on base; Tulsa 1 - Tennessee 0 |
| BOTTOM OF THE 2ND |
|
Tennessee Smokies batting - Pitching for Tulsa Drillers : RHP Will Lane
|
|
Batting: RHB Ryan Walker
|
0-0: Ball 1-0: Ball 2-0: Ball 3-0: Base on Balls
|
|
Batting: RHB Sam Sours
|
0-0: Ball 1-0: Ground out 6-3 (Groundball, 6S, EV 61.9 MPH) Ryan Walker to second
|
|
Batting: RHB Tim Long
|
0-0: Called Strike 0-1: Ball 1-1: SINGLE (Flyball, 5D, EV 81.9 MPH) Ryan Walker to third
|
|
Batting: RHB Jonathan Sotelo
|
0-0: Called Strike 0-1: Foul Ball, location: 2F 0-2: SINGLE (Groundball, 56D, EV 97.5 MPH) Ryan Walker scores Tim Long to second
|
|
Batting: RHB Jerry Blas
|
0-0: Called Strike 0-1: SINGLE (Groundball, 4MD, EV 98.8 MPH) Tim Long to third Jonathan Sotelo to second
|
|
Batting: RHB Alvaro Romero
|
0-0: Called Strike 0-1: Foul Ball, location: 2F 0-2: Strikes out looking
|
|
Batting: RHB Eric Wiss
|
0-0: Called Strike 0-1: DOUBLE (Line Drive, 5D, EV 93.8 MPH) Tim Long scores Jonathan Sotelo scores Jerry Blas to third Runner from 3rd tries for Home, SAFE, no throw by LF
|
|
Batting: RHB Khalil Stephens
|
0-0: Ball 1-0: Foul Ball, location: 2F 1-1: Fly out, F7 (Line Drive, 78M, EV 93.8 MPH)
|
| Bottom of the 2nd over - 4 runs, 4 hits, 0 errors, 1 left on base; Tulsa 1 - Tennessee 4 |
| TOP OF THE 3RD |
|
Tulsa Drillers batting - Pitching for Tennessee Smokies : RHP Bogdan Sdobnyakov
|
|
Batting: RHB Kyle Garrett
|
0-0: Swinging Strike 0-1: Ball 1-1: Foul Ball, location: 2F 1-2: Fly out, F8 (Flyball, 8LXD, EV 86.2 MPH)
|
|
Batting: RHB Josh Crenwelge
|
0-0: Called Strike 0-1: Ground out 6-3 (Groundball, 6, EV 83.1 MPH)
|
|
Batting: SHB Nate Kopchak
|
0-0: Fly out, F7 (Flyball, 78S, EV 83.1 MPH)
|
| Top of the 3rd over - 0 runs, 0 hits, 0 errors, 0 left on base; Tulsa 1 - Tennessee 4 |
| BOTTOM OF THE 3RD |
|
Tennessee Smokies batting - Pitching for Tulsa Drillers : RHP Will Lane
|
|
Batting: RHB Brad Santanello
|
0-0: Called Strike 0-1: Ball 1-1: Ball 2-1: Ball 3-1: DOUBLE (Flyball, 8LXD, EV 94.4 MPH)
|
|
Batting: RHB Ryan Walker
|
0-0: SINGLE (Groundball, 6MD, EV 97.5 MPH) Brad Santanello to third Runner from 3rd tries for Home, throw by CF and OUT! 8-2
|
|
Batting: RHB Sam Sours
|
0-0: Ball 1-0: Called Strike 1-1: Ball 2-1: Foul Ball, location: 2F 2-2: Ball 3-2: Base on Balls Ryan Walker to second
|
|
Batting: RHB Tim Long
|
0-0: Swinging Strike 0-1: Ball 1-1: Foul Ball, location: 2F 1-2: Ball 2-2: Fly out, F8 (Flyball, 8RD, EV 102.5 MPH)
|
|
Batting: RHB Jonathan Sotelo
|
0-0: Called Strike 0-1: Called Strike 0-2: Ball 1-2: Foul Ball, location: 2F 1-2: Ball 2-2: Strikes out swinging
|
| Bottom of the 3rd over - 0 runs, 2 hits, 0 errors, 2 left on base; Tulsa 1 - Tennessee 4 |
| TOP OF THE 4TH |
|
Tulsa Drillers batting - Pitching for Tennessee Smokies : RHP Bogdan Sdobnyakov
|
|
Batting: LHB Kevin Wiebe
|
0-0: Ball 1-0: Called Strike 1-1: Ball 2-1: Ball 3-1: Called Strike 3-2: Foul Ball, location: 2F 3-2: Fly out, F8 (Flyball, 8LD, EV 94.4 MPH)
|
|
Batting: LHB Chris Buchan
|
0-0: Ball 1-0: Ball 2-0: Ball 3-0: Called Strike 3-1: Called Strike 3-2: Strikes out looking
|
|
Batting: RHB Marcos Villalobos
|
0-0: Foul Ball, location: 2F 0-1: Foul Ball, location: 2F 0-2: Ball 1-2: Ball 2-2: Ball 3-2: Ground out 6-3 (Groundball, 6, EV 81.9 MPH)
|
| Top of the 4th over - 0 runs, 0 hits, 0 errors, 0 left on base; Tulsa 1 - Tennessee 4 |
| BOTTOM OF THE 4TH |
|
Tennessee Smokies batting - Pitching for Tulsa Drillers : RHP Will Lane
|
|
Batting: RHB Jerry Blas
|
0-0: Fly out, F4 (Line Drive, 4MD, EV 70.0 MPH)
|
|
Batting: RHB Alvaro Romero
|
0-0: Swinging Strike 0-1: Reached on error, E4 (Groundball, 4, EV 90.0 MPH)
|
|
Batting: RHB Eric Wiss
|
0-0: Called Strike 0-1: Fielders Choice at 2nd, 4-6 (Groundball, 34, EV 88.8 MPH)
|
|
Batting: RHB Khalil Stephens
|
0-0: Called Strike 0-1: Foul Ball, location: 2F 0-2: Ball 1-2: Fly out, F3 (Popup, 3SF, EV 80.6 MPH)
|
| Bottom of the 4th over - 0 runs, 0 hits, 1 error, 1 left on base; Tulsa 1 - Tennessee 4 |
| TOP OF THE 5TH |
|
Tulsa Drillers batting - Pitching for Tennessee Smokies : RHP Bogdan Sdobnyakov
|
|
Batting: RHB Tony Rivera
|
0-0: Foul Ball, location: 2F 0-1: Called Strike 0-2: Ball 1-2: Foul Ball, location: 2F 1-2: Ball 2-2: Ball 3-2: Foul Ball, location: 2F 3-2: Fly out, F8 (Line Drive, 8LM, EV 95.0 MPH)
|
|
Batting: RHB Nick Getz
|
0-0: Called Strike 0-1: Swinging Strike 0-2: Ball 1-2: Ball 2-2: Strikes out swinging
|
|
Batting: RHB Aaron Burress
|
0-0: Called Strike 0-1: Ball 1-1: Ball 2-1: Called Strike 2-2: Ball 3-2: Base on Balls
|
|
Batting: RHB Kyle Garrett
|
0-0: Foul Ball, location: 2F 0-1: Ball 1-1: Ball 2-1: Foul Ball, location: 2F 2-2: Foul Ball, location: 2F 2-2: Foul Ball, location: 2F 2-2: Ball 3-2: Foul Ball, location: 2F 3-2: Strikes out looking
|
| Top of the 5th over - 0 runs, 0 hits, 0 errors, 1 left on base; Tulsa 1 - Tennessee 4 |
| BOTTOM OF THE 5TH |
|
Tennessee Smokies batting - Pitching for Tulsa Drillers : RHP Will Lane
|
|
Batting: RHB Brad Santanello
|
0-0: Ball 1-0: SINGLE (Groundball, 6MD, EV 111.2 MPH)
|
|
Batting: RHB Ryan Walker
|
0-0: Ball 1-0: Called Strike 1-1: Ball 2-1: SINGLE (Groundball, 34D, EV 94.4 MPH) Brad Santanello to second Runner from 2nd tries for 3rd, SAFE, throw by RF made to third
|
|
Batting: RHB Sam Sours
|
0-0: Called Strike 0-1: Ball 1-1: Ball 2-1: Fly out, F8 (Flyball, 8LM, EV 86.9 MPH)
|
|
Batting: RHB Tim Long
|
0-0: Called Strike 0-1: Ball 1-1: Ball 2-1: Fly out, F6 (Flyball, 56D, EV 90.0 MPH)
|
|
Batting: RHB Jonathan Sotelo
|
0-0: Swinging Strike 0-1: Ball 1-1: Ground out U3 (Groundball, 3S, EV 93.1 MPH)
|
| Bottom of the 5th over - 0 runs, 2 hits, 0 errors, 2 left on base; Tulsa 1 - Tennessee 4 |
| TOP OF THE 6TH |
|
Tulsa Drillers batting - Pitching for Tennessee Smokies : RHP Bogdan Sdobnyakov
|
|
Batting: RHB Josh Crenwelge
|
0-0: Called Strike 0-1: Called Strike 0-2: Foul Ball, location: 2F 0-2: Ball 1-2: Ball 2-2: Ball 3-2: Foul Ball, location: 2F 3-2: Foul Ball, location: 2F 3-2: Base on Balls
|
|
Pitching: RHP Devin Ward
|
|
|
Batting: SHB Nate Kopchak
|
0-0: Ball 1-0: Ball 2-0: Called Strike 2-1: Ball Pickoff Throw to First - Out! 1-3 CS 3-1: Base on Balls
|
|
Batting: LHB Kevin Wiebe
|
|
|
Pitching: LHP Nate George
|
0-0: Foul Ball, location: 2F 0-1: Fly out, F9 (Flyball, 9LM, EV 88.1 MPH)
|
|
Batting: LHB Chris Buchan
|
0-0: Ball 1-0: Called Strike 1-1: Called Strike 1-2: Strikes out looking
|
| Top of the 6th over - 0 runs, 0 hits, 0 errors, 1 left on base; Tulsa 1 - Tennessee 4 |
| BOTTOM OF THE 6TH |
|
Tennessee Smokies batting - Pitching for Tulsa Drillers : RHP Will Lane
|
|
Batting: RHB Jerry Blas
|
0-0: Fly out, F6 (Line Drive, 6, EV 68.8 MPH)
|
|
Batting: RHB Alvaro Romero
|
0-0: Ball 1-0: Ball 2-0: Ground out 4-3 (Groundball, 4D, EV 98.8 MPH)
|
|
Batting: RHB Eric Wiss
|
0-0: Ground out U3 (Groundball, 3L, EV 77.5 MPH)
|
| Bottom of the 6th over - 0 runs, 0 hits, 0 errors, 0 left on base; Tulsa 1 - Tennessee 4 |
| TOP OF THE 7TH |
|
Tulsa Drillers batting - Pitching for Tennessee Smokies : LHP Nate George
|
|
Batting: RHB Marcos Villalobos
|
0-0: Foul Ball, location: 2F 0-1: Ground out 4-3 (Groundball, 4, EV 88.8 MPH)
|
|
Batting: RHB Tony Rivera
|
0-0: Called Strike 0-1: Foul Ball, location: 2F 0-2: Ball 1-2: Ball 2-2: Foul Ball, location: 2F 2-2: Strikes out looking
|
|
Batting: RHB Nick Getz
|
0-0: Ball 1-0: Ball 2-0: Ball 3-0: SINGLE (Groundball, 23, EV 71.2 MPH) (infield hit)
|
|
Batting: RHB Aaron Burress
|
0-0: Fielders Choice at 2nd, 5-4 (Groundball, 56, EV 81.9 MPH)
|
| Top of the 7th over - 0 runs, 1 hit, 0 errors, 1 left on base; Tulsa 1 - Tennessee 4 |
| BOTTOM OF THE 7TH |
|
Tennessee Smokies batting - Pitching for Tulsa Drillers : RHP Will Lane
|
|
Batting: RHB Khalil Stephens
|
0-0: Called Strike 0-1: Ball 1-1: Fly out, F8 (Line Drive, 8LM, EV 88.8 MPH)
|
|
Batting: RHB Brad Santanello
|
0-0: Called Strike 0-1: Fly out, F8 (Flyball, 89XD, EV 100.6 MPH)
|
|
Batting: RHB Ryan Walker
|
0-0: Called Strike 0-1: SINGLE (Groundball, 6MD, EV 94.4 MPH)
|
|
Batting: RHB Sam Sours
|
0-0: Ball 1-0: Foul Ball, location: 2F 1-1: Ball 2-1: Ball 3-1: Called Strike 3-2: Ground out 6-3 (Groundball, 6, EV 101.9 MPH)
|
| Bottom of the 7th over - 0 runs, 1 hit, 0 errors, 1 left on base; Tulsa 1 - Tennessee 4 |
| TOP OF THE 8TH |
|
Tulsa Drillers batting - Pitching for Tennessee Smokies : LHP Nate George
|
|
Pitching: RHP Ryan Masterson
|
|
|
Batting: RHB Kyle Garrett
|
0-0: Ball 1-0: Ground out 3-1 (Groundball, 34S, EV 85.0 MPH)
|
|
Batting: RHB Josh Crenwelge
|
0-0: Ball 1-0: Ball 2-0: Foul Ball, location: 2F 2-1: Ball 3-1: SINGLE (Line Drive, 6M, EV 94.4 MPH)
|
|
Batting: SHB Nate Kopchak
|
0-0: Ball 1-0: Ball 2-0: Foul Ball, location: 2F 2-1: Fielders Choice at 2nd, 5-4 (Groundball, 5, EV 97.5 MPH)
|
|
Batting: LHB Kevin Wiebe
|
0-0: Ball 1-0: Called Strike 1-1: Foul Ball, location: 2F 1-2: Ball 2-2: Strikes out swinging
|
| Top of the 8th over - 0 runs, 1 hit, 0 errors, 1 left on base; Tulsa 1 - Tennessee 4 |
| BOTTOM OF THE 8TH |
|
Tennessee Smokies batting - Pitching for Tulsa Drillers : RHP Will Lane
|
|
Batting: RHB Tim Long
|
0-0: Foul Ball, location: 2F 0-1: DOUBLE (Flyball, 89XD, EV 110.0 MPH)
|
|
Batting: RHB Jonathan Sotelo
|
0-0: Ball 1-0: Ground out 5-3 (Groundball, 5L, EV 81.2 MPH)
|
|
Batting: RHB Jerry Blas
|
0-0: Intentional Walk
|
|
Batting: RHB Alvaro Romero
|
0-0: Ball 1-0: Ball 2-0: Swinging Strike 2-1: Called Strike 2-2: Strikes out swinging
|
|
Pitching: RHP Jeff Coates
|
|
|
Batting: RHB Eric Wiss
|
0-0: Ball 1-0: SINGLE (Line Drive, 8LS, EV 90.0 MPH) Tim Long to third Jerry Blas to second Runner from 3rd tries for Home, SAFE, throw by CF to home
|
|
Batting: RHB Khalil Stephens
|
0-0: Called Strike 0-1: Ball 1-1: SINGLE (Line Drive, 78S, EV 106.9 MPH) Jerry Blas to third Eric Wiss to second Runner from 3rd tries for Home, SAFE, throw by LF to home Eric Wiss to third Khalil Stephens to second
|
|
Batting: RHB Brad Santanello
|
0-0: Foul Ball, location: 2F 0-1: Ball 1-1: SINGLE (Groundball, 4D, EV 96.2 MPH) Eric Wiss scores Khalil Stephens to third Runner from 3rd tries for Home, SAFE, throw by CF to home
|
|
Batting: RHB Ryan Walker
|
0-0: Ball 1-0: Reached on error, E6 (Groundball, 6, EV 88.8 MPH) Brad Santanello to second
|
|
Batting: RHB Sam Sours
|
0-0: Called Strike 0-1: Ball 1-1: Foul Ball, location: 2F 1-2: Foul Ball, location: 2F 1-2: Ground out 6-3 (Groundball, 6S, EV 83.8 MPH)
|
| Bottom of the 8th over - 4 runs, 4 hits, 1 error, 2 left on base; Tulsa 1 - Tennessee 8 |
| TOP OF THE 9TH |
|
Tulsa Drillers batting - Pitching for Tennessee Smokies : RHP Ryan Masterson
|
|
Batting: LHB Chris Buchan
|
0-0: Swinging Strike 0-1: Swinging Strike 0-2: Ball 1-2: Strikes out swinging
|
|
Batting: RHB Marcos Villalobos
|
0-0: Foul Ball, location: 2F 0-1: Ground out 6-3 (Groundball, 56, EV 103.8 MPH)
|
|
Batting: RHB Tony Rivera
|
0-0: Ball 1-0: Ball 2-0: Foul Ball, location: 2F 2-1: Called Strike 2-2: Strikes out swinging
|
| Top of the 9th over - 0 runs, 0 hits, 0 errors, 0 left on base; Tulsa 1 - Tennessee 8 |
|